AoeStats
← Iguano Pop

Arabia

510042845Analyzed
1v1 RM · 3d ago on Sep 29, 2026· 33m 46s· 2 players
Game mode
Random Map
Map size
Tiny (2 player)
Population
200
Speed
Normal
Resources
Standard
Victory
Conquest
Starting age
Dark Age
Ending age
Imperial Age
RankedLock teamsTeams togetherTeam positionsShared explorationLock speedFull tech treeHidden civsTurbo modeCheats
Victory
Defeat
🇸🇬 Franks · Singapore
1427
+13
🇲🇽 Huns · Mexico
1370
-13
Iguano Pop
6:36 Loom
9:27 Feudal Age
9:59 Double-Bit Axe
17:32 Forging
22:04 Castle Age
21:21 Scale Barding Armor
21:12 Gold Mining
22:14 Bloodlines
24:32 Husbandry
24:53 Chain Barding Armor
25:54 Town Watch
26:14 Horse Collar
31:57 Heavy Plow
GG
6:18 Loom
8:49 Feudal Age
9:21 Double-Bit Axe
17:22 Town Watch
19:59 Castle Age
18:06 Gold Mining
19:58 Fletching
20:42 Bodkin Arrow
21:23 Bow Saw
21:38 Padded Archer Armor
23:30 Husbandry
23:47 Leather Archer Armor
26:55 Ballistics
27:51 Wheelbarrow
35:39 Imperial Age
34:32 Gold Shaft Mining
Connection lost

Rejoining the realm…

Still unreachable

The connection could not be restored.

Session expired

The server has moved on; the page needs a fresh start.